 Dungeon Crawl Stone Soup version 0.18-a0-902-g8738618 (webtiles) character file.

141 Jmtri7 the Charlatan (level 5, 0/37 HPs)
             Began as a Formicid Artificer on Dec 25, 2015.
             Slain by a yak (11 damage)
             ... on level 11 of the Dungeon.
             The game lasted 00:01:03 (46 turns).

Jmtri7 the Charlatan (Formicid Artificer)             Turns: 46, Time: 00:01:03

Health: 0/37       AC:  3    Str: 17    XL:     5   Next: 48%
Magic:  5/9        EV: 11    Int: 11    God:
Gold:   0          SH:  0    Dex: 11    Spells: 0 memorised, 4 levels left

rFire  . . .     SeeInvis +     a - +0 short sword
rCold  . . .     Gourm    .     b - +0 leather armour
rNeg   . . .     Faith    .     (no shield)
rPois  .         Spirit   .     (helmet unavailable)
rElec  .         Dismiss  .     (no cloak)
rCorr  .         Reflect  .     (no gloves)
SustAt .         Harm     .     (no boots)
MR     .....                    (no amulet)
Stlth  +.........               (no ring)
                                (no ring)

@: not resistant to hostile enchantments, very unstealthy
A: permanent stasis, dig shafts and tunnels, four strong arms, antennae 3
a: Dig, Shaft Self


You were on level 11 of the Dungeon.
You were not hungry.

You visited 1 branch of the dungeon, and saw 6 of its levels.

Inventory:

Hand Weapons
 a - a +0 short sword (weapon)
Armour
 b - a +0 leather armour (worn)
Wands
 c - a wand of flame (15/48)
 d - a wand of enslavement (13/24)
 e - a wand of random effects (15/48)
Comestibles
 f - a bread ration


   Skills:
 - Level 1.1 Fighting
 - Level 1.0 Short Blades
 - Level 1.7 Dodging
 - Level 1.2 Stealth
 + Level 6.3 Evocations


You had 4 spell levels left.
You didn't know any spells.

Dungeon Overview and Level Annotations

Branches:
Dungeon (1/15)

Altars:


Innate Abilities, Weirdness & Mutations

You are under a permanent stasis effect.
You can dig through walls and to a lower floor.
Your four strong arms can wield two-handed weapons with a shield.
You have a pair of large antennae on your head (SInv).


Message History

Your yak looks stronger.
Found a hand axe.
You retract your mandibles.
You closely miss the yak. The yak closely misses you.
Your yak gores the yak.
You hit the yak.
The yak is moderately wounded.
The yak gores you but does no damage.
Your yak gores the yak.
You hit the yak but do no damage.
The yak is heavily wounded.
The yak gores you!
Your yak gores the yak!
You catch the helpless yak momentarily off-guard.
You hit the yak.
The yak is almost dead.
The yak gores you!
* * * LOW HITPOINT WARNING * * *
Your yak gores the yak but does no damage.
You hit the yak but do no damage.
The yak is almost dead.
The yak gores you!
You die...

{ { { ### {
#########@###
#........YY.#
#.######.##.#
#.# ### )#
#.# # #.# #.#
#.# ...{


You could see a yak and a friendly yak.

Vanquished Creatures (collateral kills)
  2 yaks (D:11)
2 creatures vanquished.

Vanquished Creatures (others)
  A yak (D:11)
1 creature vanquished.

Grand Total: 3 creatures vanquished

Notes
Turn   | Place    | Note
--------------------------------------------------------------
     0 | D:1      | Jmtri7 the Formicid Artificer began the quest for the Orb.
     0 | D:1      | Reached XP level 1. HP: 15/15 MP: 3/3
     4 | D:1      | You fall through a shaft!
    10 | D:2      | You fall through a shaft for 2 floors!
    16 | D:4      | You fall through a shaft for 2 floors!
    19 | D:6      | You fall through a shaft for 3 floors!
    23 | D:9      | You fall through a shaft for 2 floors!
    23 | D:11     | Noticed a yak
    23 | D:11     | Noticed a yak
    23 | D:11     | Noticed a yak
    27 | D:11     | Noticed a yak
    28 | D:11     | Noticed a yak
    33 | D:11     | Killed a yak
    33 | D:11     | Reached skill level 5 in Evocations
    33 | D:11     | Reached XP level 2. HP: 21/21 MP: 3/5
    33 | D:11     | Reached XP level 3. HP: 26/26 MP: 4/7
    33 | D:11     | Reached XP level 4. HP: 32/32 MP: 4/8
    41 | D:11     | Killed a yak
    41 | D:11     | Reached skill level 6 in Evocations
    41 | D:11     | Reached XP level 5. HP: 37/37 MP: 4/9
    46 | D:11     | Slain by a yak

Vault maps used:
D:1:      lightli_arrival_boilingwater
D:2:      first_bread, supply_closet_lemuel, uniq_robin, uniq_crazy_yiuf_cottage
D:4:      lemuel_doored_altar, gup_sewer_entry_spiral, bloody_trog
D:6:      tso_metal_star
D:9:      gammafunk_temple_overflow_statue, kennysheep_mini_moat,
          grunt_pizzeria, uniq_joseph
D:11:     david_orc_4, portal_ice_cave_entry_ice_beasts

Action                   |  1- 3 |  4- 6 || total
-------------------------+-------+-------++-------
Melee: Short sword       |       |     5 ||     5
 Abil: Shaft Self        |     5 |       ||     5
       Dig               |     2 |     1 ||     3
Evoke: Wand              |     2 |       ||     2
 Stab: Distracted        |       |     1 ||     1
